 Dungeon Crawl Stone Soup version 0.29-a0-321-gf1c400731a (webtiles) character file.

Game seed: 12431330746508030798

362 Hubjo the Skirmisher (level 6, -13/49 HPs)
             Began as a Demonspawn Monk on Apr 4, 2022.
             Was a Priest of Nemelex Xobeh.
             Mangled by an ogre
             ... wielding a +0 giant club
              (26 damage)
             ... on level 4 of the Dungeon.
             The game lasted 00:05:05 (3916 turns).

Hubjo the Skirmisher (Demonspawn Monk)              Turns: 3916, Time: 00:05:13

Health: -13/49     AC:  7    Str: 11    XL:     6   Next: 39%
Magic:  18/18      EV: 11    Int: 11    God:    Nemelex Xobeh [***...]
Gold:   159        SH:  0    Dex: 20    Spells: 10/10 levels left

rFire   + + .      SeeInvis .   a - +0 short sword
rCold   x . .      Faith    .   (no shield)
rNeg    . . .      Spirit   .   o - +0 ring mail "Diadep" {rF+ Dex+2}
rPois   .          Reflect  .   (no helmet)
rElec   .          Harm     .   (no cloak)
rCorr   .          Rampage  .   k - +1 pair of gloves
Will    .....                   (no boots)
Stlth   +.........              (no amulet)
HPRegen 0.16/turn               g - ring of fire
MPRegen 0.16/turn               e - ring of magical power

@: confused, ambrosia-drunk
A: demonic guardian 1, weakness stinger 1
a: Renounce Religion, Draw Escape, Draw Destruction, Draw Summoning, Triple Draw


You were on level 4 of the Dungeon.
You worshipped Nemelex Xobeh.
Nemelex Xobeh was most pleased with you.
You visited 1 branch of the dungeon, and saw 4 of its levels.

You collected 159 gold pieces.

Inventory:

Hand Weapons
 a - a +0 short sword (weapon)
Armour
 b - a +0 robe
 k - a +1 pair of gloves (worn)
 o - the +0 ring mail "Diadep" (worn) {rF+ Dex+2}
   (You found it on level 3 of the Dungeon)

   Dex:       It affects your dexterity (+2).
   rF:        It protects you from fire.
Magical Staves
 s - a staff of cold
Jewellery
 e - a ring of magical power (right hand)
 g - a ring of fire (left hand)
 i - a ring of resist corrosion
 l - a ring of resist corrosion
Scrolls
 d - 6 scrolls of identify {unknown}
 m - 3 scrolls of vulnerability {unknown}
 q - a scroll of teleportation {unknown}
Potions
 f - 2 potions of degeneration {unknown}
 h - a potion of magic {unknown}
 j - a potion of curing {unknown}
 n - a potion of haste {unknown}
 p - a potion of heal wounds {unknown}
 r - a potion of brilliance {unknown}


   Skills:
 + Level 4.7 Fighting
 - Level 2.6 Short Blades
 - Level 2.6 Dodging
 * Level 4.6 Stealth
 + Level 2.5 Spellcasting


You had 10 spell levels left.
You didn't know any spells.
Your spell library contained the following spells:

 Spells                   Type           Power      Damage    Failure   Level
 Animate Skeleton         Necr           2%         N/A       56%         1
 Pain                     Necr           4%         1d4       56%         1
 Summon Small Mammal      Summ           4%         N/A       56%         1
 Call Canine Familiar     Summ           1%         N/A       90%         3
 Gell's Gravitas          Tloc           1%         N/A       90%         3
 Lesser Beckoning         Tloc           1%         N/A       90%         3
 Summon Guardian Golem    Hex/Summ       1%         N/A       90%         3
 Teleport Other           Tloc           1%         N/A       90%         3
 Vampiric Draining        Necr           1%         2d6       90%         3


Dungeon Overview and Level Annotations

Branches:
Dungeon (4/15)
 Temple: D:4-7

Altars:
Nemelex Xobeh


Innate Abilities, Weirdness & Mutations

A weak demonic guardian rushes to your aid.
You have a small tail.


Message History

You are too injured to fight recklessly!
You are too injured to fight recklessly!
You are too injured to fight recklessly!
You are too injured to fight recklessly!
You are too injured to fight recklessly!
You are too injured to fight recklessly!
You are too injured to fight recklessly!
You are too injured to fight recklessly!
You are too injured to fight recklessly!
The iguana attacks as you move away!
The iguana bites you but does no damage.
The iguana attacks as you move away! The iguana bites you.
You draw a card...
You have drawn the Illusion.
Suddenly you stand beside yourself. The kobold barely misses you.
The kobold attacks as you move away!
The kobold hits you with a +0 short sword.
You closely miss the kobold.
The iguana bites Hubjo's illusion.
The kobold hits you but does no damage.
Hubjo's illusion hits the iguana.
You hit the kobold.
The kobold is moderately wounded.
The iguana bites Hubjo's illusion.
The kobold barely misses you.
Hubjo's illusion hits the iguana but does no damage.
You hit the kobold.
The kobold is severely wounded.
The iguana barely misses Hubjo's illusion.
The kobold hits you with a +0 short sword.
You hit the kobold.
You kill the kobold!
Hubjo's illusion hits the iguana.
The iguana barely misses Hubjo's illusion.
The ogre hits you with a +0 giant club!
* * * LOW HITPOINT WARNING * * *
A demonic guardian appears!
You are confused.
You feel invigorated.
Hubjo's illusion hits the iguana.
The iguana closely misses Hubjo's illusion.
The ogre hits you with a +0 giant club!!
Ouch! That really hurt!
You die...
Your body glows with a rainbow of weird colours and disappears.

............ ##
#........... .#
#........... .##
...........
...##..........
##.5##.........
..###..............
........@O#.l.#.#.#
.........#)##......#
...........#.@lO......#
...........(......##.<.
..............#...##.#
..
..............#.#.....#
#
................###....#
...............## #.#.#
.................# ....


You could see an ogre (ally target), an iguana (ally target), the friendly
Hubjo's illusion (summoned) and a friendly shadow imp (summoned).

Vanquished Creatures
  A scorpion (D:3)
  An orc priest (D:3)
  An adder (D:4)
  A worm (D:3)
  2 dart slugs
  4 orcs (D:3)
  6 bats
  5 endoplasms
  3 giant cockroaches
  7 goblins
  2 hobgoblins
  3 jackals (D:2)
  8 kobolds
  3 quokkas (D:3)
  5 ball pythons
  3 frilled lizards (D:1)
  5 rats
60 creatures vanquished.

Vanquished Creatures (collateral kills)
  Sigmund (D:4)
  An iguana (D:3)
  An adder (D:4)
  A dart slug (D:3)
  A giant cockroach (D:1)
  A goblin (D:4)
  A quokka (D:1)
7 creatures vanquished.

Grand Total: 67 creatures vanquished

Notes
Turn   | Place    | Note
-------+----------+-------------------------------------------
     0 | D:1      | Hubjo the Demonspawn Monk began the quest for the Orb.
     0 | D:1      | Reached XP level 1. HP: 18/18 MP: 1/1
   222 | D:1      | Gained mutation: A weak demonic guardian rushes to your
                  | aid. [demonic ancestry]
   222 | D:1      | Reached XP level 2. HP: 16/24 MP: 2/2
   910 | D:1      | Found a faded altar of an unknown god.
   928 | D:1      | Prayed at the altar of an unknown god.
   928 | D:1      | Became a worshipper of Nemelex Xobeh the Trickster
   928 | D:1      | Reached * piety under Nemelex Xobeh
   928 | D:1      | Received a gift from Nemelex Xobeh
   928 | D:1      | Reached ** piety under Nemelex Xobeh
   928 | D:1      | Received a gift from Nemelex Xobeh
  1303 | D:2      | Received a gift from Nemelex Xobeh
  1334 | D:2      | Reached XP level 3. HP: 12/29 MP: 4/4
  1553 | D:2      | Reached skill level 1 in Spellcasting
  1635 | D:2      | Reached *** piety under Nemelex Xobeh
  2109 | D:3      | Noticed a scorpion
  2124 | D:3      | Killed a scorpion
  2125 | D:3      | Gained mutation: You have a small tail. [demonic ancestry]
  2125 | D:3      | Reached XP level 4. HP: 20/37 MP: 6/6
  2538 | D:3      | Reached XP level 5. HP: 42/42 MP: 7/7
  2750 | D:3      | Found a sparkling altar of Nemelex Xobeh.
  2971 | D:3      | Identified the +0 ring mail "Diadep" {rF+ Dex+2}
  3087 | D:3      | Received a gift from Nemelex Xobeh
  3779 | D:4      | Noticed Sigmund
  3815 | D:4      | Killed Sigmund
  3816 | D:4      | Reached XP level 6. HP: 46/49 MP: 9/9
  3916 | D:4      | Mangled by an ogre

Illustrated notes

Levels and vault maps discovered:
D:1:      sevenhm_arrival_forest_fort_large_1, layout_rooms,
          basic_ecumenical_altar, minmay_bisected
D:2:      layout_rooms
D:3:      layout_basic, mainiacjoe_overflow_cross_hatched, st_stairs_7,
          minmay_surrounded
D:4:      layout_rooms, temple_pool_b, uniq_sigmund

Skill      XL: |  1  2  3  4  5 |
---------------+----------------+-----
Stealth        | 2 3 4 |  4.6
Spellcasting   | 1 2 |  2.5
Fighting       | 4 |  4.7
Short Blades   | |  2.6
Dodging        | |  2.6

Action                   |  1- 3 |  4- 6 || total
-------------------------+-------+-------++-------
Melee: Short sword       |   133 |    93 ||   226
       Tailslap          |       |    15 ||    15
       Punch             |       |     1 ||     1
Invok: Draw Summoning    |       |     1 ||     1
  Use: Potion            |       |     1 ||     1
 Stab: Sleeping          |     7 |     2 ||     9
Armor: Robe              |    18 |     6 ||    24
       Ring mail         |       |    12 ||    12
Dodge: Dodged            |    72 |    50 ||   122

Table legend: (Time is in decaauts)
 A = Elapsed time spent in this place.
 B = Non-inter-level travel time spent in this place.
 C = Inter-level travel time spent in this place.
 D = Time resting spent in this place.
 E = Time spent auto-exploring this place.
 F = Levels seen in this place.
 G = Mean time per level.
                   A        B        C        D        E       F      G
               +--------+--------+--------+--------+--------+-----+--------+
         Total |   3913 |   3913 |      0 |    403 |   2766 |   4 |  978.2 |
       Dungeon |   3913 |   3913 |      0 |    403 |   2766 |   4 |  978.2 |
               +--------+--------+--------+--------+--------+-----+--------+

Top non-repeatable levels by time:
     D:3: 1817 daAuts
     D:1: 1288 daAuts
     D:2: 693 daAuts
     D:4: 115 daAuts
